Map: Darkness Sanctuary LE

Players

Probe

  • Race: Protoss Protoss
  • Spawn Location: 11:00

harstem - Winner!

  • Race: Protoss Protoss
  • Spawn Location: 1:00

Event: WCS Austin 2018

VOD

Have the link to the VOD?

Description

Time

  • Played on: June 1, 2018, 4:50 p.m.
  • Length: 7:37

All games in this series

Show
View Real Time Build Order
Export as new Build Order

Probe Protoss 

Build Orders:  

Get SALT Encoding   

  12  0:00  Probe  
  13  0:12  Probe  
  14  0:17  Pylon  
  14  0:24  Probe  
  15  0:32  Probe  
  15  0:37  Gateway  
  15  0:40  Probe  
  16  0:46  Assimilator  
  17  0:51  Probe  
  17  0:55  Assimilator  
  18  0:59  Probe  
  19  1:07  Probe  
  19  1:08  Gateway  
  19  1:18  Probe  
  21  1:26  Cybernetics Core  
  21  1:30  Probe  
  22  1:39  Pylon  
  22  1:42  Probe  
  22  1:44  Warp Gate  
  23  1:57  Probe  
  24  2:03  Stalker  
  24  2:04  Sentry  
  28  2:15  Pylon  
  28  2:23  Pylon  
  28  2:25  Pylon  
  28  2:33  Stalker x2  
  32  2:52  Gateway x2  
  32  3:03  Stalker x2  
  36  3:14  Pylon  
  36  3:15  Shield Battery  
  36  3:42  Pylon  
  36  3:43  Pylon  
  36  4:00  Stalker  
  36  4:01  Stalker x2, Pylon  
  36  4:02  Sentry  
  44  4:16  Probe  
  45  4:22  Twilight Council  
  45  4:35  Stalker  
  45  4:36  Stalker  
  45  4:37  Probe  
  49  4:40  Blink  
  47  4:47  Stalker  
  47  4:49  Probe  
  50  5:07  Stalker  
  52  5:18  Pylon  
  52  5:24  Stalker  
  54  5:30  Pylon  
  54  5:48  Stalker x2  
  57  5:57  Adept x2  
  57  6:03  Pylon  
  58  6:12  Probe  
  56  6:23  Stalker x2  
  60  6:35  Stalker  
  60  6:38  Sentry  
  50  7:02  Stalker x2  
  36  7:12  Stalker  
  36  7:13  Sentry  
  32  7:32  Stalker x2  
Show
View Real Time Build Order
Export as new Build Order

harstem Protoss - Winner!

Build Orders: Phoenix Opening 

Get SALT Encoding   

  12  0:00  Probe  
  13  0:12  Probe  
  14  0:17  Pylon  
  14  0:24  Probe  
  15  0:32  Probe  
  15  0:37  Gateway  
  15  0:40  Probe  
  16  0:47  Assimilator  
  17  0:51  Probe  
  17  0:55  Assimilator  
  18  0:59  Probe  
  19  1:07  Probe  
  19  1:10  Gateway  
  20  1:25  Pylon  
  21  1:31  Cybernetics Core  
  21  1:32  Probe  
  21  1:44  Probe  
  22  1:56  Probe  
  23  2:07  Stalker x2  
  23  2:08  Warp Gate  
  27  2:09  Probe  
  28  2:19  Pylon  
  28  2:26  Stargate  
  28  2:37  Adept x2  
  31  3:01  Nexus  
  31  3:02  Phoenix  
  33  3:16  Probe  
  34  3:22  Phoenix  
  34  3:29  Pylon  
  34  3:34  Probe  
  37  3:51  Robotics Facility  
  37  3:55  Shield Battery  
  37  4:00  Probe  
  37  4:02  Pylon  
  38  4:13  Stalker, Sentry  
  42  4:18  Pylon  
  42  4:28  Probe  
  42  4:30  Immortal, Pylon  
  43  4:35  Shield Battery  
  43  4:43  Phoenix  
  49  4:49  Pylon  
  49  5:04  Zealot  
  51  5:08  Phoenix  
  51  5:13  Zealot  
  55  5:14  Immortal  
  59  5:29  Pylon  
  59  5:35  Phoenix  
  59  5:59  Observer  
  60  6:06  Nexus  
  60  6:12  Probe  
  61  6:21  Pylon  
  61  6:24  Probe  
  62  6:26  Adept x2  
  63  6:36  Probe  
  62  6:47  Sentry x2  
  62  6:48  Probe  
  65  6:56  Immortal  
  63  7:07  Probe  
  56  7:11  Stalker  
  56  7:19  Probe  
  56  7:20  Shield Battery  
  51  7:32  Stalker  
Tags
 
Add a new tag
Caveats
  • Supply blocks, unpowered buildings, or Contaminate may cause inaccurate times.
  • Supply counts are checked every 10 seconds.